 Dungeon Crawl Stone Soup version 0.27-a0-3-gcf006a40f5 (webtiles) character file.

Game seed: 4451297429869442455

2 teolandon225 the Sneak (level 1, 0/9 HPs)
             Began as a Spriggan Enchanter on Jan 2, 2021.
             Slain by a leopard gecko (3 damage)
             ... on level 2 of the Dungeon.
             The game lasted 00:01:15 (107 turns).

teolandon225 the Sneak (Spriggan Enchanter)          Turns: 107, Time: 00:01:16

Health: 0/9        AC:  2    Str:  4    XL:     1   Next: 25%
Magic:  4/5        EV: 18    Int: 16    God:
Gold:   0          SH:  0    Dex: 16    Spells: 4/5 levels left

rFire    . . .     SeeInvis +   a - +1 dagger
rCold    . . .     Faith    .   (shield restricted)
rNeg     . . .     Spirit   .   b - +0 robe
rPois    .         Reflect  .   (helmet restricted)
rElec    .         Harm     .   (no cloak)
rCorr    .         Rampage  .   (gloves unavailable)
Will     .....                  (boots unavailable)
Stlth    +++.......             (no amulet)
HPRegen  0.03/turn              (no ring)
MPRegen  0.09/turn              (no ring)

@: very quick
A: very small, unfitting armour, see invisible, speed 3
a: no special abilities


You were on level 2 of the Dungeon.
You visited 1 branch of the dungeon, and saw 2 of its levels.

Inventory:

Hand Weapons
 a - a +1 dagger (weapon)
Armour
 b - a +0 robe (worn)
Potions
 c - a potion of curing {unknown}


   Skills:
 + Level 0.0 Fighting
 * Level 1.2 Short Blades
 + Level 3.0 Dodging
 * Level 4.4 Stealth
 + Level 2.7 Spellcasting
 + Level 3.6 Hexes


You had 4 spell levels left.
You knew the following spells:

 Your Spells              Type           Power        Failure   Level
a - Corona                Hex            14%          4%          1

Your spell library contained the following spells:

 Spells                   Type           Power        Failure   Level
 Confusing Touch          Hex            13%          13%         3
 Tukima's Dance           Hex            13%          13%         3
 Ensorcelled Hibernation  Hex/Ice        16%          14%         2
 Dazzling Flash           Conj/Hex       16%          26%         3


Dungeon Overview and Level Annotations

Branches:
Dungeon (2/15)

Altars:


Innate Abilities, Weirdness & Mutations

You are very small and have problems with some larger weapons.
You are too small for most types of armour.
You have supernaturally acute eyesight. (SInv)
You cover ground extremely quickly.


Message History

You barely miss the leopard gecko. The leopard gecko closely misses you.
You hit the leopard gecko.
The leopard gecko is moderately wounded.
The leopard gecko closely misses you.
You barely miss the leopard gecko.
The leopard gecko is moderately wounded.
The leopard gecko bites you.
You completely miss the leopard gecko.
The leopard gecko is moderately wounded.
The leopard gecko completely misses you.
You hit the leopard gecko.
The leopard gecko is severely wounded.
The leopard gecko completely misses you.
You completely miss the leopard gecko.
The leopard gecko is severely wounded.
The leopard gecko closely misses you.
You hit the leopard gecko but do no damage.
The leopard gecko is severely wounded.
The leopard gecko misses you. The leopard gecko bites you.
You die...

.### ... .
###########.##.#
................
.........l......
........@...##.#
.....!..#.......
##......<...##<#
#..............
#.#.##.#......[
#... ..........
#.# ##.#.#.####
#. ......# #
#.#.. .


You could see a leopard gecko (corona).

Vanquished Creatures
  A hobgoblin (D:1)
  A goblin (D:1)
2 creatures vanquished.

Notes
Turn   | Place    | Note
-------+----------+-------------------------------------------
     0 | D:1      | teolandon225 the Spriggan Enchanter began the quest for the
                  | Orb.
     0 | D:1      | Reached XP level 1. HP: 9/9 MP: 5/5
   107 | D:2      | Slain by a leopard gecko

Illustrated notes

Levels and vault maps discovered:
D:1:      ncdulo_lavacross, layout_basic, minmay_tetromino_o2
D:2:      kennysheep_six_static_rooms, layout_basic, amcnicky_mini_pool_small,
          uniq_sigmund

Action                   || total
-------------------------++-------
Melee: Dagger            ||    24
 Cast: Corona            ||     3
Armor: Robe              ||     2
Dodge: Dodged            ||    18

Table legend: (Time is in decaauts)
 A = Elapsed time spent in this place.
 B = Non-inter-level travel time spent in this place.
 C = Inter-level travel time spent in this place.
 D = Time resting spent in this place.
 E = Time spent auto-exploring this place.
 F = Levels seen in this place.
 G = Mean time per level.
                   A        B        C        D        E       F      G
               +--------+--------+--------+--------+--------+-----+--------+
         Total |     80 |     80 |      0 |      6 |     22 |   2 |   40.0 |
       Dungeon |     80 |     80 |      0 |      6 |     22 |   2 |   40.0 |
               +--------+--------+--------+--------+--------+-----+--------+

Top non-repeatable levels by time:
     D:1: 63 daAuts
     D:2: 16 daAuts
